Get step-by-step instructions on how to execute this build order below. Start the game timer, and the build order will tick by so you can play in parallel with StarCraft on a second screen or mobile device.

Game Time

  0:00

Last Step

  N/A

Next Step

  12  0:00  Probe  

Upcoming Step

  13  0:14  Pylon  

Don't want to look back and forth between 2 screens? Try out our Overwolf App, the Spawning Tool Build Advisor to get an in-game overlay with this build!

Complete Build Order

  12  0:00  Probe  
  13  0:14  Pylon  
  13  0:17  Probe (Chrono Boost)  
  14  0:27  Probe (Chrono Boost)  
  15  0:32  Probe (Chrono Boost)  
  16  0:38  Gateway  
  16  0:44  Probe  
  16  0:49  Pylon  
  17  0:56  Probe  
  17  0:57  Assimilator  
  18  1:08  Probe  
  19  1:20  Probe  
  20  1:27  Nexus  
  20  1:37  Cybernetics Core  
  20  1:40  Probe  
  21  1:48  Assimilator  
  21  1:52  Probe  
  22  1:56  Pylon  
  22  2:04  Probe  
  22  2:08  Assimilator  
  23  2:11  Adept (Chrono Boost)  
  23  2:15  Warp Gate  
  25  2:17  Probe  
  26  2:24  Assimilator  
  26  2:27  Assimilator  
  26  2:29  Probe  
  27  2:32  Adept (Chrono Boost)  
  29  2:40  Probe  
  29  2:42  Probe  
  30  2:52  Probe  
  30  2:56  Stargate  
  30  2:57  Probe  
  32  3:07  Adept (Chrono Boost)  
  32  3:09  Probe  
  35  3:17  Probe  
  34  3:22  Gateway  
  34  3:25  Probe  
  35  3:34  Probe (Chrono Boost)  
  36  3:37  Oracle (Chrono Boost)  
  36  3:38  Shield Battery  
  36  3:40  Probe (Chrono Boost)  
  40  3:45  Pylon  
  40  3:46  Probe (Chrono Boost)  
  41  3:54  Pylon, Probe x2 (Chrono Boost)  
  43  4:01  Probe  
  44  4:05  Probe  
  44  4:09  Assimilator  
  49  4:10  Void Ray (Chrono Boost)  
  49  4:12  Assimilator  
  49  4:13  Probe  
  50  4:19  Probe  
  51  4:26  Probe  
  51  4:29  Fleet Beacon  
  52  4:41  Probe  
  52  4:43  Probe  
  54  4:53  Probe  
  54  4:54  Twilight Council  
  54  4:55  Gateway, Probe  
  54  4:58  Gateway  
  56  5:02  Gateway  
  56  5:05  Probe  
  58  5:07  Probe  
  58  5:12  Pylon  
  58  5:19  Pylon, Probe (Chrono Boost)  
  59  5:23  Mothership (Chrono Boost)  
  59  5:25  Pylon  
  59  5:32  Charge  
  67  5:38  Pylon  
  67  5:40  Pylon  
  67  5:49  Gateway  
  67  5:51  Gateway  
  67  5:57  Gateway  
  67  5:59  Gateway  
  67  6:01  Templar Archives  
  67  6:09  Gateway  
  67  6:11  Zealot x2  
  67  6:17  Pylon  
  71  6:18  Pylon  
  71  6:45  Stalker x2  
  75  6:49  Zealot x3  
  75  6:50  Zealot x2  
  85  6:57  Stalker  
  85  6:58  Stalker  
  89  7:13  High Templar x2  
  89  7:14  High Templar x2  
  97  7:16  Pylon  
  97  7:17  Pylon, Zealot x4  
  97  7:18  Archon  
  97  7:19  Archon  
  105  7:30  Pylon  
  105  7:36  High Templar x2  
  109  7:37  Zealot x2  
  109  7:38  Zealot x2  
  109  7:40  Archon  
  117  7:47  Zealot  
  117  7:48  Zealot x3  
  125  7:51  Pylon